 Dungeon Crawl Stone Soup version 0.26.0-16-gc1dbca0489 (webtiles) character file.

Game seed: 13722776292542531013

1488437 GordonOverkill the Slayer (level 27, 237/237 HPs)
             Began as a Formicid Ice Elementalist on Jan 21, 2021.
             Was an Elder of Cheibriados.
             Escaped with the Orb
             ... and 3 runes!
             The game lasted 05:04:53 (104782 turns).

GordonOverkill the Slayer (FoIE)                  Turns: 104782, Time: 05:04:53

Health: 237/237    AC: 48    Str: 22 (24) XL:     27
Magic:  42/42      EV: 15    Int: 34 (35) God:    Cheibriados [****..]
Gold:   2338       SH: 21    Dex: 22 (23) Spells: 32/66 levels left

rFire    + + +     SeeInvis +   a - +9 great mace (freeze)
rCold    + + +     Faith    .   g - +0 tower shield
rNeg     + + .     Spirit   .   F - +10 gold dragon scales
rPois    +         Reflect  .   (helmet unavailable)
rElec    .         Harm     .   n - +0 cloak {rCorr}
rCorr    +         Rampage  .   k - +2 pair of gloves
Will     +++..     Clarity  +   l - +5 pair of boots "Uhocvamu" {Will+}
Stlth    ..........             X - amulet of Esejiot {RegenMP rC++}
HPRegen  0.49/turn              d - +4 ring of slaying
MPRegen  0.53/turn              B - ring of the Country {*Drain rF++ rN++ AC+4}

@: mighty, very slow
A: permanent stasis, dig shafts and tunnels, four strong arms, antennae 3,
talons 1, repulsion field 1, thin skeletal structure 1, blurry vision 1,
clarity, low mp 1, sense surroundings 1, weak 1
0: Orb of Zot
}: 3/15 runes: decaying, silver, gossamer
a: Dig, Shaft Self, Renounce Religion, Bend Time, Temporal Distortion, Slouch


You escaped.
You worshipped Cheibriados.
Cheibriados was greatly pleased with you.
You visited 11 branches of the dungeon, and saw 53 of its levels.
You visited 1 bazaar.
You also visited: Ossuary, Bailey and Ice Cave.

You collected 9801 gold pieces.
You spent 7463 gold pieces at shops.

Inventory:

Hand Weapons
 a - a +9 great mace of freezing (weapon)
 b - a +9 eveningstar of flaming
Missiles
 G - 87 boomerangs (quivered)
 M - a throwing net
Armour
 g - a +0 tower shield (worn)
 k - a +2 pair of gloves (worn)
 l - the +5 pair of boots "Uhocvamu" (worn) {Will+}
   (You acquired it in a bazaar)

   It affects your willpower, your defense against some magical effects.
 n - a +0 cloak of preservation (worn)
 F - +10 gold dragon scales (worn)
Jewellery
 d - a +4 ring of slaying (left hand)
 B - the ring of the Country (right hand) {*Drain rF++ rN++ AC+4}
   (You acquired it on level 3 of the Depths)

   [ring of protection]

   It affects your AC (+4).
   It greatly protects you from fire.
   It greatly protects you from negative energy.
   It causes draining when unequipped.
 W - the ring of Sif Muna's Approval {rN+ Int+7}
   (You took it off a vault sentinel on level 5 of the Vaults)

   [ring of positive energy]

   It affects your intelligence (+7).
   It protects you from negative energy.
 X - the amulet of Esejiot (around neck) {RegenMP rC++}
   (You took it off a vault warden on level 5 of the Vaults)

   [amulet of magic regeneration]

   It increases your magic regeneration.
   It greatly protects you from cold.
 Y - the ring of the Mage {Wiz Will++ Int+3}
   (You took it off a death knight on level 5 of the Vaults)

   [ring of wizardry]

   It improves your spell success rate.
   It affects your intelligence (+3).
   It affects your willpower, your defense against some magical effects.
Wands
 c - a wand of enslavement (40)
 e - a wand of disintegration (18)
 o - a wand of iceblast (46)
 x - a wand of digging (14)
 J - a wand of paralysis (28)
 K - a wand of polymorph (7)
 O - a wand of flame (35)
 R - a wand of acid (16)
Scrolls
 h - 3 scrolls of silence
 i - 30 scrolls of remove curse
 j - 9 scrolls of immolation
 p - 11 scrolls of magic mapping
 t - 4 scrolls of fog
 y - 11 scrolls of amnesia
 H - 35 scrolls of identify
 N - 10 scrolls of fear
 Q - a scroll of holy word
 U - 3 scrolls of summoning
 V - a scroll of enchant weapon
Potions
 f - 11 potions of lignification
 r - 4 potions of ambrosia
 s - 4 potions of cancellation
 v - 12 potions of brilliance
 w - 11 potions of flight
 z - 7 potions of magic
 A - 7 potions of invisibility
 D - 5 potions of attraction
 T - 6 potions of heal wounds
 Z - 20 potions of curing
Miscellaneous
 u - a tin of tremorstones (2/2)
 C - a phial of floods
 E - a box of beasts
 L - a condenser vane
 P - a phantom mirror


   Skills:
 + Level 23.7 Fighting
 - Level 4.0 Short Blades
 - Level 20.0 Maces & Flails
 - Level 7.6 Polearms
 - Level 2.0 Throwing
 + Level 17.9 Armour
 + Level 13.4 Dodging
 - Level 4.0 Stealth
 - Level 15.0 Shields
 - Level 20.0 Spellcasting
 - Level 7.0 Conjurations
 - Level 11.0 Hexes
 - Level 5.0 Translocations
 - Level 20.5 Ice Magic
 - Level 3.0 Air Magic
 - Level 5.0 Poison Magic
 - Level 14.0 Invocations
 - Level 11.3 Evocations


You had 32 spell levels left.
You knew the following spells:

 Your Spells              Type           Power        Failure   Level
a - Freeze                Ice            100%         0%          1
b - Frozen Ramparts       Ice            100%         0%          3
c - Ozocubu's Armour      Ice            100%         0%          3
d - Hailstorm             Conj/Ice       91%          1%          4
e - Mephitic Cloud        Conj/Pois/Air  61%          10%         3
f - Cause Fear            Hex            41%          2%          4
g - Invisibility          Hex            83%          38%         6
h - Passage of Golubria   Tloc           N/A          32%         4
i - Ozocubu's Refrigerat  Ice            54%          1%          6

Your spell library contained the following spells:

 Spells                   Type           Power        Failure   Level
 Corona                   Hex            92%          1%          1
 Magic Dart               Conj           100%         1%          1
 Ensorcelled Hibernation  Hex/Ice        100%         1%          2
 Slow                     Hex            83%          1%          2
 Confusing Touch          Hex            83%          1%          3
 Dazzling Flash           Conj/Hex       100%         1%          3
 Tukima's Dance           Hex            83%          1%          3
 Metabolic Englaciation   Hex/Ice        48%          1%          5
 Searing Ray              Conj           100%         2%          2
 Portal Projectile        Hex/Tloc       100%         2%          3
 Apportation              Tloc           100%         3%          1
 Summon Ice Beast         Ice/Summ       81%          3%          4
 Fulminant Prism          Conj/Hex       38%          6%          4
 Inner Flame              Hex/Fire       63%          8%          3
 Sting                    Tmut/Pois      100%         9%          1
 Gell's Gravitas          Tloc           30%          10%         3
 Lesser Beckoning         Tloc           30%          10%         3
 Teleport Other           Tloc           61%          10%         3
 Conjure Flame            Conj/Fire      55%          19%         3
 Stone Arrow              Conj/Erth      100%         19%         3
 Corpse Rot               Necr/Air       N/A          21%         2
 Iskenderun's Mystic Bla  Conj/Tloc      65%          22%         4
 Animate Skeleton         Necr           68%          26%         1
 Pain                     Necr           100%         26%         1
 Sandblast                Erth           68%          26%         1
 Summon Small Mammal      Summ           100%         26%         1
 Spider Form              Tmut/Pois      25%          26%         3
 Leda's Liquefaction      Hex/Erth       31%          26%         4
 Call Imp                 Summ           34%          36%         2
 Passwall                 Tmut/Erth      28%          36%         2
 Sublimation of Blood     Necr           17%          36%         2
 Wereblood                Tmut           34%          36%         2
 Ignite Poison            Fire/Tmut/Pois 45%          36%         3
 Silence                  Hex/Air        34%          36%         5
 Freezing Cloud           Conj/Ice/Air   40%          52%         6
 Vampiric Draining        Necr           17%          58%         3
 Yara's Violent Unravell  Hex/Tmut       31%          58%         5
 Summon Lightning Spire   Summ/Air       44%          80%         4
 Irradiate                Conj/Tmut      27%          86%         5
 Animate Dead             Necr           17%          94%         4
 Petrify                  Tmut/Erth      34%          94%         4
 Alistair's Intoxication  Tmut/Pois      33%          94%         5
 Summon Forest            Summ/Tloc      25%          94%         5
 Bolt of Magma            Conj/Fire/Erth 24%          95%         5
 Conjure Ball Lightning   Conj/Air       30%          99%         6
 Dispersal                Tloc           30%          99%         6
 Agony                    Necr           34%          100%        5
 Blade Hands              Tmut           17%          100%        5
 Borgnjor's Vile Clutch   Necr/Erth      17%          100%        5
 Lee's Rapid Deconstruct  Erth           17%          100%        5
 Eringya's Noxious Bog    Tmut/Pois      25%          100%        6
 Hydra Form               Tmut           17%          100%        6
 Iron Shot                Conj/Erth      27%          100%        6
 Statue Form              Tmut/Erth      22%          100%        6
 Dragon Form              Tmut           17%          100%        7
 Haunt                    Necr/Summ      17%          100%        7
 Summon Hydra             Summ           17%          100%        7
 Borgnjor's Revivificati  Necr           17%          100%        8
 Discord                  Hex            41%          100%        8
 Disjunction              Tloc           30%          100%        8
 Infestation              Necr           17%          100%        8
 Necromutation            Tmut/Necr      17%          100%        8
 Death's Door             Necr           17%          100%        9
 Shatter                  Erth           17%          100%        9
 Tornado                  Air            26%          100%        9
 Blink                    Tloc           Unusable     N/A         2

Dungeon Overview and Level Annotations

Branches:
Dungeon (15/15)            Temple (1/1) D:7            Lair (6/6) D:10
  Swamp (4/4) Lair:4       Spider (4/4) Lair:2        Slime (0/5) Lair:5
    Orc (2/2) D:12            Elf (3/3) Orc:2        Vaults (5/5) D:14
  Crypt (3/3) Vaults:3       Tomb (0/3) Crypt:3      Depths (5/5) D:15
    Zot (5/5) Depths:5    Ossuary (visited)          Bailey (visited)
  IceCv (visited)

Altars:
Ashenzari
Cheibriados
Dithmenos
Elyvilon
Fedhas
Gozag
Hepliaklqana
Kikubaaqudgha
Makhleb
Nemelex Xobeh
Okawaru
Qazlal
Ru
Sif Muna
Trog
Uskayaw
Vehumet
Wu Jian
Xom
Yredelemnul
Zin
The Shining One
Beogh
Jiyva

Shops:
D:8 :*[*}   D:10 [((   D:11 =   Orc:2 [[(=   Elf:1 ?   Elf:2 !   Elf:3 (
Vaults:1 :   Vaults:2 ?   Vaults:3 !   Vaults:5 *

Portals:
Hell: Depths:1 Depths:2 Depths:3 Depths:4 Depths:5
Abyss: Depths:1 Depths:4
Pandemonium: Depths:2 Depths:3 Depths:5
Ziggurat: Depths:5

Annotations:
D:6 1 runed translucent door
Elf:1 2 transporters, Huol's ghost, adept FoFi
Vaults:1 2 runed translucent doors, Yloucecuu's ghost, veteran SpEn
Depths:3 10 exclusions
Zot:5 exclusion: obsidian statue


Innate Abilities, Weirdness & Mutations

You cannot be hasted, slowed, berserked, paralysed or teleported.
You can dig through walls and to a lower floor.
Your four strong arms can wield two-handed weapons with a shield.
You have a pair of large antennae on your head. (SInv)
You have sharp toenails.
You are surrounded by a mild repulsion field. (EV +2)
You have a somewhat thin skeletal structure. (Dex +2, Stealth)
Scrolls take you a little longer to read.
You possess an exceptional clarity of mind.
Your magical capacity is low. (-10% MP)
You passively map a small area around you.
You are weak. (Str -2)


Message History

You bludgeon the cherub!! You freeze the cherub.
The cherub is heavily wounded.
The cherub blocks your attack.
The cherub is heavily wounded.
The cherub closely misses you. You block the cherub's attack.
You bludgeon the cherub!! You freeze the cherub.
The cherub is severely wounded.
You block the cherub's attack.
The cherub gores you but does no damage.
The cherub blocks your attack.
The cherub is severely wounded.
You closely miss the cherub.
The cherub is severely wounded.
You block the cherub's attack. The cherub hits you but does no damage.
You bludgeon the cherub!! You freeze the cherub.
You kill the cherub!
Cheibriados thoroughly appreciates the change of pace.
There is a staircase leading out of the dungeon here.
There is a staircase leading out of the dungeon here.
You have escaped!

#.######.###....##......#.
#.#######.########......#.
#.#≈≈≈)......(≈≈##......#.
#.#≈≈.........≈≈####..###.
#.#≈...........≈# ##.###.
#.#.............## ##..##.
#.......≈≈≈......# #......
#......≈...≈.....###.#....
#......≈.@.≈......##.##.#.
##.....≈...≈..............
#......≈≈≈......#.#.##...
##.............##†#..#...
#≈...........≈#..†..#...
#≈≈.........≈≈#####.#...
#≈≈≈.......≈≈≈#.........
###############.######..
#........>


There were no monsters in sight!

Vanquished Creatures
  9 orbs of fire
  5 ancient liches
  Mara (Swamp:4)
  Mennas (Depths:4)
  6 Killer Klowns
  Frederick (Vaults:5)
  Margery (Crypt:2)
  Saint Roka (Vaults:5)
  Bai Suzhen (Vaults:2)
  A pandemonium lord (Depths:5)
  Xtahua (Crypt:2)
  14 golden dragons
  Nikola (Swamp:3)
  Jory (Crypt:2)
  A profane servitor (Crypt:3)
  The ghost of theMacoje the Slayer, an adept OgEn of Okawaru (Vaults:3)
  3 bone dragons
  7 electric golems
  16 tentacled monstrosities
  26 Orb Guardians
  7 liches
  4 titans
  2 deep elf master archers (Elf:3)
  2 quicksilver dragons
  2 Executioners
  8 death cobs
  6 sphinxes
  A sphinx (shapeshifter) (Vaults:5)
  A thorn hunter (Swamp:4)
  3 revenants
  3 ancient champions
  Kirke (Spider:1)
  Roxanne (Elf:2)
  2 draconian monks
  12 shadow dragons
  6 tengu reavers
  8 storm dragons
  9 fire giants
  14 frost giants
  3 fenstrider witches
  3 draconian knights
  3 iron dragons
  9 ghost moths
  4 draconian scorchers
  22 vault wardens
  Aizul (Swamp:2)
  2 orc warlords (Orc:1)
  11 deep elf sorcerers
  A balrug (Depths:4)
  4 curse skulls (Crypt:2)
  7 deep elf elementalists
  5 emperor scorpions
  5 draconian shifters
  A spriggan defender (Depths:5)
  A ghoul (Crypt:3)
  7 draconian stormcallers
  31 very ugly things
  18 stone giants
  2 war gargoyles (Vaults:5)
  13 ironheart preservers
  4 deep elf demonologists
  3 draconian annihilators
  Nessos (D:14)
  4 vampire knights
  11 black draconians
  9 red draconians
  7 green draconians
  6 bunyips
  10 white draconians
  2 yellow draconians
  A dire elephant (D:15)
  9 purple draconians
  7 deep elf annihilators
  An entropy weaver (Spider:2)
  8 spark wasps
  6 eleionomae
  3 eidola (Crypt:2)
  13 deep elf death magi
  2 blizzard demons
  A crystal guardian (Vaults:3)
  20 ettins
  15 fire dragons
  25 jiangshi
  6 deep elf high priests
  11 great orbs of eyes
  20 yaktaur captains
  A merfolk impaler (Depths:2)
  A shambling mangrove (Swamp:4)
  38 vault guards
  Erolcha (D:11)
  A hydra (shapeshifter) (Vaults:2)
  13 boulder beetles
  4 rakshasas
  20 ice dragons
  12 centaur warriors
  Erica (D:11)
  21 hydras
  3 spriggan air magi
  A catoblepas (shapeshifter) (Depths:2)
  7 death knights
  11 alligators
  17 ogre magi
  45 two-headed ogres
  A queen ant (D:10)
  5 deep troll shamans
  4 tengu warriors
  27 dancing weapons
  Urug (D:14)
  14 vampire magi
  6 deep troll earth magi
  A storm dragon zombie (Crypt:2)
  3 spriggan berserkers
  A soul eater (Depths:1)
  19 deep elf knights
  2 sun demons (Depths:4)
  A sixfirhy (D:13)
  4 small abominations
  5 iron trolls
  12 hell knights
  15 deep trolls
  A spectral catoblepas (Crypt:3)
  6 shadow wraiths
  5 glowing orange brains
  4 spriggan druids
  2 unseen horrors
  A cherub (D:1)
  35 skeletal warriors
  A golden dragon skeleton (Depths:1)
  6 goliath frogs
  14 flayed ghosts
  10 deep elf archers
  9 swamp dragons
  A glowing orange brain (shapeshifter) (Depths:5)
  18 ironbrand convokers
  A lindwurm (Lair:4)
  An unseen horror (shapeshifter) (Depths:3)
  3 wizards
  12 bog bodies
  An anaconda skeleton (Crypt:2)
  9 orc knights
  10 phantasmal warriors
  A shining eye (shapeshifter) (Depths:2)
  8 necromancers
  11 cyclopes
  33 wolf spiders
  3 orc sorcerers
  18 orb spiders
  59 deep elf magi
  9 harpies (Vaults:4)
  41 ugly things
  An orb spider (shapeshifter) (D:14)
  3 manticores
  A sphinx zombie (Crypt:2)
  2 will-o-the-wisps
  An eleionoma zombie (Crypt:1)
  22 moths of wrath
  An iron dragon zombie (Crypt:2)
  Maurice (D:13)
  3 elephants (Lair:4)
  2 black mambas (shapeshifter)
  A salamander (shapeshifter) (Vaults:5)
  3 torpor snails
  6 black mambas
  17 vault sentinels
  Psyche (D:9)
  A pale draconian zombie (Crypt:2)
  A shock serpent skeleton (Crypt:2)
  2 ice statues (IceCv)
  31 cane toads
  2 hellions
  4 spectral swamp worms (Depths:4)
  2 centaur skeletons
  A gargoyle (D:14)
  13 demonic crawlers
  9 freezing wraiths
  A red draconian zombie (Crypt:2)
  7 komodo dragons
  3 rime drakes
  A tormentor (Depths:5)
  A komodo dragon (shapeshifter) (Vaults:1)
  13 ice devils
  A tengu conjurer (D:15)
  58 yaktaurs
  A guardian mummy (Zot:4)
  A death yak skeleton (Crypt:2)
  43 jumping spiders
  4 hydra zombies (Swamp:1)
  2 jumping spiders (shapeshifter)
  15 trolls
  A merfolk (shapeshifter) (Vaults:3)
  2 polar bears
  3 red devils
  23 hornets
  A wind drake (shapeshifter) (Depths:2)
  4 bloated husks
  8 tyrant leeches
  26 blink frogs
  6 large abominations
  A boulder beetle zombie (Crypt:1)
  51 slime creatures
  7 dream sheep (Lair:6)
  An alligator zombie (Swamp:1)
  A fire dragon skeleton (Crypt:1)
  A dream sheep (shapeshifter) (Vaults:5)
  17 spriggans
  A spriggan (shapeshifter) (Vaults:2)
  3 shadows
  10 water elementals
  28 tarantellas
  A tarantella (shapeshifter) (Depths:1)
  5 wyverns
  46 flying skulls (Crypt:3)
  An ice dragon skeleton (Depths:1)
  2 hogs (Spider:1)
  92 redbacks
  52 yaks
  A hog (shapeshifter) (Vaults:1)
  3 basilisks
  12 wraiths
  2 fire bats (Lair:1)
  2 fire elementals
  A chaos spawn (Depths:5)
  16 humans (D:14)
  A human (shapeshifter) (Vaults:4)
  A steam dragon (D:8)
  2 tyrant leech zombies (Swamp:1)
  A yaktaur simulacrum (Vaults:1)
  A neqoxec (Depths:5)
  10 vampire mosquitoes
  3 human simulacra
  3 soldier ants (D:10)
  A spectral cane toad (Crypt:3)
  A two-headed ogre zombie (Crypt:2)
  18 swamp worms
  5 wargs
  4 acid dragons
  A swamp worm (shapeshifter) (Vaults:5)
  12 water moccasins
  23 orc warriors
  8 swamp drakes
  4 ice beasts
  2 sky beasts
  3 phantoms
  A cane toad skeleton (Crypt:1)
  8 black bears
  A hornet zombie (Swamp:1)
  2 ettin simulacra
  An eye of draining (D:13)
  7 wolves
  12 necrophages
  58 ogres
  7 boggarts
  An ice dragon simulacrum (Vaults:1)
  A blink frog skeleton (Crypt:1)
  14 centaurs
  6 elf zombies (Elf:1)
  A palentonga zombie (Crypt:1)
  21 bullfrogs
  A yaktaur zombie (Vaults:1)
  A bullfrog (shapeshifter) (Vaults:4)
  An elf skeleton (Crypt:1)
  2 wyvern zombies
  3 earth elementals
  A human skeleton (Vaults:1)
  A hornet simulacrum (D:15)
  6 scorpions
  12 killer bees
  A tengu skeleton (Depths:1)
  9 electric eels
  16 wights
  6 howler monkeys
  5 centaur zombies
  2 bullfrog zombies
  3 quasits
  2 jellies
  12 orc priests
  11 hounds
  2 bullfrog skeletons (D:10)
  16 orc wizards
  An iron imp (Depths:2)
  6 iguanas
  6 troll simulacra (IceCv)
  22 worker ants
  A tengu zombie (Crypt:2)
  A big kobold zombie (Ossuary)
  A centaur simulacrum (IceCv)
  A demigod skeleton (Crypt:2)
  3 hound skeletons
  8 mummies (Ossuary)
  2 howler monkey zombies
  A worker ant zombie (D:7)
  11 adders
  16 gnolls
  A howler monkey skeleton (D:11)
  A naga simulacrum (IceCv)
  2 ogre simulacra (IceCv)
  A white imp (D:5)
  2 ufetubi
  2 oozes
  A lava snake zombie (Crypt:1)
  2 adder skeletons
  2 worms
  7 dart slugs
  4 leopard geckos
  89 orcs
  9 bats
  6 giant cockroaches
  16 goblins
  17 hobgoblins
  3 jackals (D:5)
  3 quokkas
  A frilled lizard (D:2)
  3 gnoll zombies
  2 hobgoblin zombies (Ossuary)
  20 kobolds
  2 kobold zombies (Ossuary)
  A leopard gecko zombie (Crypt:1)
  An orc zombie (Ossuary)
  12 rats
2560 creatures vanquished.

Vanquished Creatures (collateral kills)
  A red draconian (Zot:5)
  A yellow draconian (Zot:5)
  An eleionoma (Swamp:3)
  A catoblepas (Lair:3)
  A deep troll earth mage (Depths:4)
  An orc sorcerer (Orc:1)
  A jumping spider (Spider:1)
  An orc warrior (Orc:1)
  2 orc priests (Orc:1)
  A shadow imp (D:6)
11 creatures vanquished.

Vanquished Creatures (others)
  A draconian scorcher (Zot:5)
  A flayed ghost (Depths:4)
  2 deep elf archers (Elf:2)
  An ironbrand convoker (Vaults:5)
  A spectral swamp worm (Depths:4)
  A troll (Orc:2)
  A bloated husk (Swamp:4)
  A dream sheep (shapeshifter) (Elf:2)
  A vampire mosquito (Swamp:3)
  A bush (D:12)
  10 foxfires
  43 fungi
  124 plants
  2 withered plants (Vaults:3)
190 creatures vanquished.

Grand Total: 2761 creatures vanquished

Notes
Turn   | Place    | Note
-------+----------+-------------------------------------------
     0 | D:1      | GordonOverkill the Formicid Ice Elementalist began the
                  | quest for the Orb.
     0 | D:1      | Reached XP level 1. HP: 13/13 MP: 3/3
   193 | D:1      | You fall into a shaft and drop 1 floor!
   217 | D:2      | Reached XP level 2. HP: 20/20 MP: 0/5
   804 | D:1      | Reached XP level 3. HP: 21/25 MP: 1/6
   806 | D:1      | Reached skill level 1 in Fighting
  1342 | D:2      | Learned a level 3 spell: Frozen Ramparts
  1926 | D:2      | Reached XP level 4. HP: 28/32 MP: 0/8
  2719 | D:2      | Reached XP level 5. HP: 34/38 MP: 3/9
  3431 | D:3      | Reached skill level 1 in Short Blades
  3431 | D:3      | Reached skill level 5 in Ice Magic
  3580 | D:3      | Reached skill level 2 in Fighting
  3635 | D:3      | Reached XP level 6. HP: 40/44 MP: 1/10
  4285 | D:3      | Found a radiant altar of Vehumet.
  4774 | D:4      | Noticed a phantom
  4776 | D:4      | Reached skill level 1 in Evocations
  4776 | D:4      | Reached XP level 7. HP: 51/51 MP: 3/12
  5255 | D:4      | Reached skill level 3 in Fighting
  5434 | D:4      | Found an ornate altar of the Wu Jian Council.
  5434 | D:4      | Found an iron altar of Okawaru.
  5543 | D:4      | Found a hazy altar of Hepliaklqana.
  5636 | D:4      | Found a shimmering blue altar of Sif Muna.
  5636 | D:4      | Found a white marble altar of Elyvilon.
  5906 | D:4      | Found a glowing silver altar of Zin.
  5908 | D:4      | Found a shimmering altar of Xom.
  5909 | D:4      | Found a hide-covered altar of Uskayaw.
  6084 | D:5      | Entered Level 5 of the Dungeon
  6163 | D:5      | Learned a level 3 spell: Ozocubu's Armour
  6168 | D:5      | Learned a level 4 spell: Hailstorm
  6290 | D:5      | Reached XP level 8. HP: 46/60 MP: 7/14
  6344 | D:5      | Found a sand-covered staircase.
  6384 | Ossuary  | Entered an ossuary
  6704 | Ossuary  | Reached skill level 4 in Fighting
  8265 | D:6      | Reached skill level 1 in Conjurations
  8551 | D:6      | Found a glowing golden altar of the Shining One.
  8552 | D:6      | Found a runed translucent door.
  8552 | D:6      | Noticed an angel
  8878 | D:6      | Reached XP level 9. HP: 33/67 MP: 8/16
  9130 | D:6      | Got a coiled golden ring
  9131 | D:6      | Identified the ring "Todoech" {rN++ EV+4 Str+3 Stlth-} (You
                  | found it on level 6 of the Dungeon)
  9413 | D:7      | Reached skill level 5 in Fighting
  9498 | D:7      | Reached skill level 5 in Spellcasting
 10475 | D:7      | Found a staircase to the Ecumenical Temple.
 10713 | Temple   | Entered the Ecumenical Temple
 10910 | Temple   | Became a worshipper of Cheibriados the Contemplative
 11270 | D:8      | Reached skill level 1 in Invocations
 11331 | D:8      | Found Ihyhoesi's Armour Shop.
 11343 | D:8      | Reached skill level 6 in Fighting
 12006 | D:8      | Found Ofoisat's Gadget Shop.
 12008 | D:8      | Found Hijih's Assorted Antiques.
 12021 | D:8      | Bought an ichor-stained spear for 192 gold pieces
 12021 | D:8      | Identified the +7 spear "Zusapt" {drain, rN+} (You bought
                  | it in a shop on level 8 of the Dungeon)
 12080 | D:8      | Found Otirashri's Book Boutique.
 12088 | D:8      | Found Pimmoiph's Assorted Antiques.
 12093 | D:8      | Bought a yellow potion for 25 gold pieces
 12093 | D:8      | Bought a black potion for 25 gold pieces
 12093 | D:8      | Bought 2 scrolls labelled LEUKUOZOFO for 56 gold pieces
 12208 | D:8      | Noticed a two-headed ogre
 12213 | D:8      | Killed a two-headed ogre
 12214 | D:8      | Reached XP level 10. HP: 77/77 MP: 18/20
 12806 | D:8      | Reached skill level 7 in Fighting
 12820 | D:8      | Reached * piety under Cheibriados
 13033 | D:9      | Noticed a four-headed hydra
 13050 | D:9      | Killed a four-headed hydra
 13054 | D:9      | Reached skill level 5 in Invocations
 13232 | D:9      | Found a flagged portal.
 13324 | Bailey   | Entered a bailey
 13595 | Bailey   | Reached ** piety under Cheibriados
 14019 | D:9      | Reached skill level 1 in Throwing
 14071 | D:9      | Reached XP level 11. HP: 74/85 MP: 13/23
 14558 | D:9      | Noticed Psyche
 14581 | D:9      | Killed Psyche
 14581 | D:9      | Reached *** piety under Cheibriados
 14582 | D:9      | Reached skill level 8 in Fighting
 15625 | D:9      | Gained mutation: Scrolls take you a little longer to read.
                  | [potion of mutation]
 15625 | D:9      | Gained mutation: Your magical capacity is low. (-10% MP)
                  | [potion of mutation]
 15625 | D:9      | Gained mutation: Your flesh is cold resistant. (rC+)
                  | [potion of mutation]
 15626 | D:9      | Lost mutation: Your flesh is cold resistant. (rC+) [potion
                  | of mutation]
 15626 | D:9      | Lost mutation: Scrolls take you a little longer to read.
                  | [potion of mutation]
 15626 | D:9      | Lost mutation: Your magical capacity is low. (-10% MP)
                  | [potion of mutation]
 15626 | D:9      | Gained mutation: You are covered in fur. (AC +1) [potion of
                  | mutation]
 15626 | D:9      | Gained mutation: Your body sometimes deteriorates upon
                  | taking damage. [potion of mutation]
 15626 | D:9      | Gained mutation: You expend magic power (3 MP) to
                  | strengthen your wands. [potion of mutation]
 15668 | D:10     | Entered Level 10 of the Dungeon
 16213 | D:10     | Noticed a queen ant
 16228 | D:10     | Killed a queen ant
 16230 | D:10     | Reached **** piety under Cheibriados
 16588 | D:10     | Found a staircase to the Lair.
 16929 | D:10     | Found Geytum's Antique Weapon Shoppe.
 16934 | D:10     | Found Epitumegg's Weapon Shop.
 17227 | D:10     | Found Sach's Antique Armour Boutique.
 17234 | D:10     | Bought a faintly glowing leather armour for 245 gold pieces
 17244 | D:10     | Identified the +0 leather armour of Classification {rF+
                  | Regen+ rCorr} (You bought it in a shop on level 10 of the
                  | Dungeon)
 17609 | D:10     | Reached ***** piety under Cheibriados
 18032 | D:10     | Reached XP level 12. HP: 94/94 MP: 9/24
 18148 | D:11     | Noticed a two-headed ogre
 18154 | D:11     | Killed a two-headed ogre
 18272 | D:11     | Reached skill level 10 in Ice Magic
 18278 | D:11     | Reached skill level 9 in Fighting
 18970 | D:11     | Noticed Erica
 18979 | D:11     | Killed Erica
 19516 | D:11     | Noticed Erolcha
 19540 | Lair:1   | Entered Level 1 of the Lair of Beasts
 19547 | Lair:1   | Reached skill level 1 in Armour
 19549 | Lair:1   | Reached skill level 10 in Fighting
 19676 | Lair:1   | Reached XP level 13. HP: 103/103 MP: 26/26
 19814 | D:4      | Got a fine scale mail
 19825 | D:4      | Identified the +5 scale mail "Uriciqui" {+Blink} (You found
                  | it on level 4 of the Dungeon)
 20624 | Lair:1   | Learned a level 3 spell: Mephitic Cloud
 20660 | Lair:2   | Reached skill level 1 in Poison Magic
 20966 | Lair:2   | Reached skill level 1 in Air Magic
 21513 | Lair:2   | Found a hole to the Spider Nest.
 22183 | Lair:2   | Found a hole to the Spider Nest.
 22799 | Lair:2   | Learned a level 4 spell: Cause Fear
 22926 | Lair:3   | Reached skill level 10 in Invocations
 22939 | Lair:3   | Reached XP level 14. HP: 97/110 MP: 9/27
 22944 | Lair:3   | Reached skill level 1 in Hexes
 23064 | Lair:3   | Reached skill level 10 in Spellcasting
 23225 | Lair:3   | Reached ****** piety under Cheibriados
 23479 | Lair:3   | Reached skill level 10 in Armour
 23499 | Lair:3   | You fall into a shaft and drop 2 floors!
 23839 | Lair:5   | Reached skill level 1 in Polearms
 23839 | Lair:5   | Reached skill level 5 in Hexes
 23914 | Lair:5   | Found a viscous altar of Jiyva.
 23914 | Lair:5   | Found a staircase to the Slime Pits.
 26246 | Lair:4   | Found a staircase to the Swamp.
 26756 | Lair:6   | Entered Level 6 of the Lair of Beasts
 26998 | Lair:6   | Reached skill level 5 in Polearms
 26998 | Lair:6   | Reached XP level 15. HP: 99/117 MP: 5/29
 27003 | Lair:6   | Reached skill level 5 in Conjurations
 27003 | Lair:6   | Reached skill level 5 in Poison Magic
 28438 | Lair:6   | Got a warped glass ring
 28964 | Lair:6   | Identified the ring "Fupoklatse" {+Inv rPois Str-2 Dex+6}
                  | (You found it on level 6 of the Lair of Beasts)
 29691 | D:11     | Killed Erolcha
 29692 | D:11     | Reached skill level 11 in Fighting
 29791 | D:11     | Identified a scroll of acquirement
 29792 | D:11     | Acquired 873 gold pieces
 29808 | D:11     | Found Veoxzian's Jewellery Emporium.
 30677 | D:12     | Found a staircase to the Orcish Mines.
 31448 | Orc:1    | Entered Level 1 of the Orcish Mines
 31789 | Orc:1    | Noticed an orc warlord
 31986 | Orc:1    | Killed an orc warlord
 31987 | Orc:1    | Reached skill level 5 in Evocations
 32289 | Orc:1    | Noticed an orc warlord
 32301 | Orc:1    | Killed an orc warlord
 32562 | Orc:2    | Entered Level 2 of the Orcish Mines
 32562 | Orc:2    | Found a roughly hewn altar of Beogh.
 32883 | Orc:2    | Reached XP level 16. HP: 57/125 MP: 18/31
 33113 | Orc:2    | Found a staircase to the Elven Halls.
 34066 | Orc:2    | Found Xah Mawn's Jewellery Boutique.
 34114 | Orc:2    | Found Gezyorph Pilu's Weapon Emporium.
 34119 | Orc:2    | Found Kukeina's Antique Armour Shop.
 34120 | Orc:2    | Found Hefus's Antique Armour Shop.
 34181 | Orc:2    | Bought a pair of embroidered gloves for 217 gold pieces
 34484 | Orc:2    | Learned a level 6 spell: Invisibility
 34692 | D:13     | Found a frozen archway.
 34770 | IceCv    | Entered an ice cave
 36641 | D:13     | Noticed Maurice
 36649 | D:13     | Killed Maurice
 37372 | D:14     | Found a gate to the Vaults.
 37372 | D:14     | Noticed Urug
 37372 | D:14     | Noticed Nessos
 37374 | D:14     | Reached skill level 12 in Fighting
 37376 | D:14     | Killed Nessos
 37378 | D:14     | Killed Urug
 37519 | D:14     | Reached skill level 1 in Maces & Flails
 37852 | D:14     | Found a gateway to a bazaar.
 38095 | D:14     | Reached XP level 17. HP: 101/133 MP: 15/32
 38922 | D:14     | Reached skill level 5 in Maces & Flails
 39503 | Bazaar   | Entered a bazaar
 39518 | Bazaar   | Found Syorut's Magic Scroll Emporium.
 39533 | Bazaar   | Found Ydym's Distillery.
 39548 | Bazaar   | Found Doyvekedd's Antique Armour Emporium.
 39548 | Bazaar   | Found Ruboczyxtyi's Magic Scroll Shoppe.
 39569 | Bazaar   | Found Avuoh's Weapon Emporium.
 39569 | Bazaar   | Found Nofifroc's Antique Weapon Shoppe.
 39646 | Bazaar   | Bought a scroll of enchant weapon for 105 gold pieces
 39646 | Bazaar   | Bought a scroll of acquirement for 728 gold pieces
 39646 | Bazaar   | Bought a scroll of summoning for 133 gold pieces
 39652 | Bazaar   | Acquired the +5 pair of boots "Uhocvamu" {Will+}
 39699 | Bazaar   | Bought a scroll of fog for 24 gold pieces
 39699 | Bazaar   | Bought a scroll of amnesia for 42 gold pieces
 39713 | Bazaar   | Bought a potion of brilliance for 36 gold pieces
 39713 | Bazaar   | Bought a potion of might for 36 gold pieces
 39713 | Bazaar   | Bought a potion of resistance for 90 gold pieces
 39713 | Bazaar   | Bought a potion of mutation for 72 gold pieces
 39807 | D:15     | Entered Level 15 of the Dungeon
 40100 | D:15     | Found an iron altar of Okawaru.
 41126 | D:15     | Found a staircase to the Depths.
 41292 | Spider:1 | Entered Level 1 of the Spider Nest
 41920 | Spider:1 | Noticed Kirke
 42038 | Spider:1 | Killed Kirke
 43328 | Spider:2 | Reached skill level 10 in Hexes
 43366 | Spider:2 | Reached XP level 18. HP: 140/140 MP: 30/33
 44231 | Spider:2 | Reached skill level 10 in Maces & Flails
 46591 | Spider:3 | Reached skill level 10 in Evocations
 47702 | Spider:4 | Entered Level 4 of the Spider Nest
 49266 | Spider:4 | Reached XP level 19. HP: 88/146 MP: 1/34
 49603 | Spider:4 | Got a gossamer rune of Zot
 50185 | Spider:4 | Learned a level 4 spell: Passage of Golubria
 50302 | Swamp:1  | Entered Level 1 of the Swamp
 50478 | Vaults:1 | Entered Level 1 of the Vaults
 50494 | Vaults:1 | Reached skill level 1 in Translocations
 51051 | D:8      | Bought a +0 kite shield for 54 gold pieces
 51416 | Vaults:1 | Reached skill level 1 in Shields
 51467 | Vaults:1 | Noticed Yloucecuu's ghost (veteran SpEn)
 51475 | Vaults:1 | Found a large runed translucent door.
 51475 | Vaults:1 | Found a large runed translucent door.
 52619 | Vaults:1 | Reached skill level 5 in Shields
 52670 | Vaults:1 | Found Ytijor's Book Emporium.
 52832 | Vaults:1 | Bought the Incunabulum of the Old World for 1385 gold
                  | pieces
 52839 | Vaults:1 | Learned a level 6 spell: Ozocubu's Refrigeration
 53341 | Vaults:2 | Found Feymem's Magic Scroll Boutique.
 53344 | Vaults:2 | Bought a scroll of acquirement for 728 gold pieces
 53344 | Vaults:2 | Acquired the ring of Ziret {rN+ Will+}
 53399 | Vaults:2 | Noticed Bai Suzhen
 53411 | Vaults:2 | Killed Bai Suzhen
 53538 | Vaults:2 | Reached skill level 5 in Translocations
 54266 | Vaults:2 | Reached XP level 20. HP: 145/153 MP: 2/35
 54993 | Vaults:2 | Reached skill level 15 in Maces & Flails
 55935 | Vaults:3 | Found Uzxavaan's Distillery.
 56920 | Vaults:3 | Found a staircase to the Crypt.
 56920 | Vaults:3 | Found an ancient bone altar of Kikubaaqudgha.
 56921 | Vaults:3 | Found a basalt altar of Yredelemnul.
 57190 | Vaults:3 | Found a runed translucent door.
 57190 | Vaults:3 | Noticed theMacoje's ghost (adept OgEn)
 57308 | Vaults:3 | Reached XP level 21. HP: 159/159 MP: 16/36
 57911 | Vaults:3 | Killed theMacoje's ghost
 58437 | Vaults:4 | Reached skill level 5 in Dodging
 59351 | Vaults:4 | Reached skill level 13 in Fighting
 59987 | Vaults:4 | Reached skill level 15 in Ice Magic
 60121 | Vaults:4 | Reached skill level 14 in Fighting
 60396 | Vaults:4 | Reached XP level 22. HP: 173/173 MP: 19/38
 60903 | Depths:1 | Entered Level 1 of the Depths
 60907 | Depths:1 | Reached skill level 15 in Fighting
 62117 | Depths:1 | Found a gateway to Hell.
 62560 | Depths:1 | Found a one-way gate to the infinite horrors of the Abyss.
 64611 | Depths:2 | Reached XP level 23. HP: 181/181 MP: 13/40
 65594 | Depths:2 | Found a one-way gate leading to the halls of Pandemonium.
 66039 | Depths:2 | Noticed a golden dragon
 66047 | Depths:2 | Killed a golden dragon
 66676 | Depths:3 | Acquired the ring of the Country {*Drain rF++ rN++ AC+4}
 66683 | Depths:3 | Acquired the ring of Emmam {rPois Will+ Int+2}
 66693 | Depths:3 | You fall into a shaft and drop 1 floor!
 66694 | Depths:4 | Noticed Mennas
 66705 | Depths:4 | You fall into a shaft and drop 1 floor!
 66705 | Depths:5 | Entered Level 5 of the Depths
 67183 | Depths:5 | Reached skill level 16 in Fighting
 67930 | Depths:5 | Found a gate to the Realm of Zot.
 68134 | Depths:5 | Reached XP level 24. HP: 181/192 MP: 24/41
 68299 | Depths:5 | Noticed a golden dragon
 68317 | Depths:5 | Killed a golden dragon
 68647 | Depths:5 | Found a gateway to a ziggurat.
 69204 | Depths:5 | Gained mutation: You are dopey. (Int -2) [a neqoxec]
 70262 | Depths:4 | Killed Mennas
 70263 | Depths:4 | Reached skill level 17 in Fighting
 70263 | Depths:4 | Reached skill level 15 in Spellcasting
 70434 | Depths:4 | Noticed a golden dragon
 70450 | Depths:4 | Killed a golden dragon
 70466 | Depths:4 | You fall into a shaft and drop 1 floor!
 70679 | Depths:4 | Reached skill level 10 in Shields
 71431 | Depths:4 | Reached skill level 18 in Fighting
 72036 | Depths:4 | Identified the +0 cloak of Pan-Flutes {rF+} (You found it
                  | on level 4 of the Depths)
 72037 | Depths:4 | Acquired a book of Alchemy
 72193 | Depths:3 | Reached XP level 25. HP: 198/204 MP: 36/42
 72560 | Depths:3 | You fall into a shaft and drop 1 floor!
 75343 | Swamp:2  | Noticed Aizul
 75359 | Swamp:2  | Killed Aizul
 76796 | Swamp:3  | Noticed Nikola
 76804 | Swamp:3  | Killed Nikola
 77251 | Swamp:4  | Entered Level 4 of the Swamp
 77670 | Swamp:4  | Reached skill level 15 in Shields
 78115 | Swamp:4  | Reached XP level 26. HP: 208/211 MP: 42/42
 78135 | Swamp:4  | Got a decaying rune of Zot
 78219 | Swamp:4  | Acquired a +4 ring of slaying
 78400 | Swamp:4  | Noticed Mara
 78411 | Swamp:4  | Killed Mara
 79114 | Vaults:5 | Entered Level 5 of the Vaults
 79114 | Vaults:5 | Noticed an ancient lich
 79120 | Vaults:5 | Killed an ancient lich
 79821 | Vaults:5 | Noticed Saint Roka
 79826 | Vaults:5 | Noticed an ancient lich
 79943 | Vaults:4 | Killed an ancient lich
 80109 | Vaults:5 | Killed Saint Roka
 80116 | Vaults:5 | Identified the +7 halberd of Taerph {vorpal, rElec}
 80116 | Vaults:5 | Identified the ring of Feffosma {rPois Str+3}
 80152 | Vaults:5 | Identified the ring of Sif Muna's Approval {rN+ Int+7}
 80172 | Vaults:5 | Identified the amulet of Esejiot {RegenMP rC++}
 80190 | Vaults:5 | Reached XP level 27. HP: 183/220 MP: 1/42
 80431 | Vaults:5 | Noticed Frederick
 80444 | Vaults:5 | Killed Frederick
 80731 | Vaults:5 | Reached skill level 19 in Fighting
 80818 | Vaults:5 | Found Osso's Assorted Antiques.
 80832 | Vaults:5 | Bought a glowing great mace for 437 gold pieces
 80837 | Vaults:5 | Bought a scroll of enchant weapon for 345 gold pieces
 81100 | Vaults:5 | Identified the +2 cloak of a ziggurat {Rampage *Slow rPois
                  | rF++} (You found it on level 5 of the Vaults)
 81132 | Vaults:5 | Got a silver rune of Zot
 81157 | Vaults:5 | Got a flickering pewter ring
 81158 | Vaults:5 | Identified the ring of Ponnethid {rC+ rCorr Dex+3} (You
                  | found it on level 5 of the Vaults)
 81678 | Vaults:5 | Identified Kikubaaqudgha's Catalogue of Stolen Souls
 81681 | Vaults:5 | Got a steaming bronze ring
 81716 | Vaults:5 | Identified the ring "Purhob" {rPois rF- rC++ AC+4 Slay-2}
                  | (You found it on level 5 of the Vaults)
 81972 | Zot:1    | Entered Level 1 of the Realm of Zot
 84397 | Elf:1    | Entered Level 1 of the Elven Halls
 84472 | Elf:1    | Found Fyongemn's Magic Scroll Shop.
 85067 | Elf:1    | Identified Geoxyh Lokao's Collected Works on Sinister
                  | Rituals
 85334 | Elf:1    | Found a transporter.
 85336 | Elf:1    | Noticed Huol's ghost (adept FoFi)
 85348 | Elf:1    | Found a transporter.
 85358 | Elf:1    | Bought a scroll of fog for 24 gold pieces
 85784 | Elf:2    | Found Enweetreac's Distillery.
 85806 | Elf:2    | Bought a potion of cancellation for 104 gold pieces
 85806 | Elf:2    | Bought a potion of cancellation for 104 gold pieces
 85806 | Elf:2    | Bought a potion of magic for 104 gold pieces
 85806 | Elf:2    | Bought a potion of brilliance for 52 gold pieces
 85806 | Elf:2    | Bought a potion of magic for 104 gold pieces
 85806 | Elf:2    | Bought a potion of resistance for 130 gold pieces
 85806 | Elf:2    | Bought a potion of heal wounds for 65 gold pieces
 85806 | Elf:2    | Bought a potion of invisibility for 104 gold pieces
 85841 | Elf:2    | Found a huge runed translucent gate.
 85841 | Elf:2    | Found a huge runed translucent gate.
 85841 | Elf:2    | Found a huge runed translucent gate.
 85847 | Elf:2    | Found a huge runed translucent gate.
 85848 | Elf:2    | Found a huge runed translucent gate.
 86098 | Elf:2    | Identified Roxanne's Grimoire of Moulding
 86098 | Elf:2    | Noticed Roxanne
 86116 | Elf:2    | Killed Roxanne
 87524 | Elf:3    | Entered Level 3 of the Elven Halls
 87572 | Elf:3    | Found Akuudutt's Weapon Shop.
 88594 | Elf:3    | Identified the +2 leather armour "Jiet Poda" {Will+ Stlth+}
 88852 | Elf:3    | Identified the +7 whip of Armageddon {freeze, rC+}
 89326 | Crypt:1  | Entered Level 1 of the Crypt
 89367 | Crypt:1  | Reached skill level 10 in Dodging
 89470 | Crypt:1  | Reached skill level 15 in Armour
 89515 | Crypt:1  | Found an ancient bone altar of Kikubaaqudgha.
 90329 | Crypt:2  | Noticed Xtahua
 90340 | Crypt:2  | Killed Xtahua
 91270 | Crypt:2  | Noticed Jory
 91288 | Crypt:2  | Killed Jory
 91898 | Crypt:2  | Noticed Margery
 91906 | Crypt:2  | Killed Margery
 92065 | Crypt:2  | Reached skill level 20 in Fighting
 92553 | Crypt:3  | Entered Level 3 of the Crypt
 92672 | Crypt:3  | Found an ancient bone altar of Kikubaaqudgha.
 93040 | Crypt:3  | Got a fine bone ring
 93041 | Crypt:3  | Identified the ring "Avior" {rF++ rN+ Stlth+} (You found it
                  | on level 3 of the Crypt)
 93348 | Crypt:3  | Found a staircase to the Tomb.
 93348 | Crypt:3  | Noticed an ancient lich
 93355 | Crypt:3  | Killed an ancient lich
 95666 | Zot:3    | Reached skill level 21 in Fighting
 96282 | D:8      | Bought a droning book for 360 gold pieces
 96282 | D:8      | Bought a potion of might for 96 gold pieces
 96282 | D:8      | Bought a potion of resistance for 240 gold pieces
 96497 | Vaults:3 | Bought a potion of heal wounds for 70 gold pieces
 96497 | Vaults:3 | Bought a potion of magic for 112 gold pieces
 96497 | Vaults:3 | Bought a potion of brilliance for 56 gold pieces
 96497 | Vaults:3 | Bought a potion of mutation for 112 gold pieces
 96497 | Vaults:3 | Bought a potion of invisibility for 112 gold pieces
 96497 | Vaults:3 | Bought a potion of invisibility for 112 gold pieces
 96497 | Vaults:3 | Bought 2 potions of mutation for 224 gold pieces
 96570 | Vaults:2 | Bought a scroll of fear for 49 gold pieces
 96570 | Vaults:2 | Bought a scroll of fear for 49 gold pieces
 96570 | Vaults:2 | Bought a scroll of holy word for 105 gold pieces
 98706 | Zot:4    | Noticed an orb of fire
 98707 | Zot:4    | Gained mutation: Your magical capacity is low. (-10% MP)
                  | [an orb of fire]
 98716 | Zot:4    | Lost mutation: Your body sometimes deteriorates upon taking
                  | damage. [an orb of fire]
 98723 | Zot:4    | Killed an orb of fire
 98726 | Zot:4    | Reached skill level 22 in Fighting
 99585 | Zot:4    | Noticed a Killer Klown
 99608 | Zot:4    | Killed a Killer Klown
 99657 | Zot:4    | Noticed an orb of fire
 99660 | Zot:4    | Gained mutation: Scrolls take you a little longer to read.
                  | [an orb of fire]
 99675 | Zot:4    | Gained mutation: Your spells are a little easier to cast,
                  | but a little less powerful. [an orb of fire]
 99679 | Zot:4    | Gained mutation: Armour fits poorly on your strangely
                  | shaped body. [an orb of fire]
 99681 | Zot:4    | Gained mutation: You are clumsy. (Dex -2) [an orb of fire]
 99682 | Zot:4    | Gained mutation: You are very dopey. (Int -4) [an orb of
                  | fire]
 99684 | Zot:4    | Killed an orb of fire
 99731 | Zot:4    | Lost mutation: Armour fits poorly on your strangely shaped
                  | body. [potion of mutation]
 99731 | Zot:4    | Lost mutation: You expend magic power (3 MP) to strengthen
                  | your wands. [potion of mutation]
 99731 | Zot:4    | Lost mutation: You are very dopey. (Int -4) [potion of
                  | mutation]
 99731 | Zot:4    | Lost mutation: You are dopey. (Int -2) [potion of mutation]
 99731 | Zot:4    | Lost mutation: Scrolls take you a little longer to read.
                  | [potion of mutation]
 99731 | Zot:4    | Gained mutation: Your flesh is cold resistant. (rC+)
                  | [potion of mutation]
 99731 | Zot:4    | Gained mutation: You occasionally shout uncontrollably at
                  | your foes. [potion of mutation]
 99731 | Zot:4    | Gained mutation: Your flesh is very cold resistant. (rC++)
                  | [potion of mutation]
 99815 | Zot:4    | Noticed an ancient lich
 99825 | Zot:4    | Killed an ancient lich
 99994 | Zot:5    | Entered Level 5 of the Realm of Zot
100416 | Zot:5    | Noticed a Killer Klown
100421 | Zot:5    | Killed a Killer Klown
100823 | Zot:5    | Noticed an orb of fire
100828 | Zot:5    | Gained mutation: You are frail. (-10% HP) [an orb of fire]
100838 | Zot:5    | Killed an orb of fire
101024 | Zot:5    | Lost mutation: You occasionally shout uncontrollably at
                  | your foes. [potion of mutation]
101024 | Zot:5    | Gained mutation: Your magical capacity is very low. (-20%
                  | MP) [potion of mutation]
101024 | Zot:5    | Gained mutation: You are strong-willed. (Will+) [potion of
                  | mutation]
101025 | Zot:5    | Lost mutation: You are frail. (-10% HP) [potion of
                  | mutation]
101025 | Zot:5    | Lost mutation: You are strong-willed. (Will+) [potion of
                  | mutation]
101025 | Zot:5    | Lost mutation: You are clumsy. (Dex -2) [potion of
                  | mutation]
101025 | Zot:5    | Lost mutation: Your flesh is very cold resistant. (rC++)
                  | [potion of mutation]
101025 | Zot:5    | Gained mutation: You passively map a small area around you.
                  | [potion of mutation]
101025 | Zot:5    | Gained mutation: You are frail. (-10% HP) [potion of
                  | mutation]
101025 | Zot:5    | Gained mutation: You expend magic power (3 MP) to
                  | strengthen your wands. [potion of mutation]
101026 | Zot:5    | Lost mutation: Your magical capacity is very low. (-20% MP)
                  | [potion of mutation]
101026 | Zot:5    | Lost mutation: Your magical capacity is low. (-10% MP)
                  | [potion of mutation]
101026 | Zot:5    | Lost mutation: Your flesh is cold resistant. (rC+) [potion
                  | of mutation]
101026 | Zot:5    | Lost mutation: You are covered in fur. (AC +1) [potion of
                  | mutation]
101026 | Zot:5    | Gained mutation: You have sharp toenails. [potion of
                  | mutation]
101026 | Zot:5    | Gained mutation: Your flesh is cold resistant. (rC+)
                  | [potion of mutation]
101026 | Zot:5    | Gained mutation: You are surrounded by a mild repulsion
                  | field. (EV +2) [potion of mutation]
101026 | Zot:5    | Lost mutation: You are frail. (-10% HP) [potion of
                  | mutation]
101198 | Zot:5    | Noticed an orb of fire
101200 | Zot:5    | Noticed a Killer Klown
101201 | Zot:5    | Noticed a Killer Klown
101204 | Zot:5    | Killed an orb of fire
101209 | Zot:5    | Killed a Killer Klown
101213 | Zot:5    | Noticed an orb of fire
101217 | Zot:5    | Gained mutation: Your body sometimes deteriorates upon
                  | taking damage. [an orb of fire]
101224 | Zot:5    | Noticed an orb of fire
101228 | Zot:5    | Gained mutation: Scrolls take you a little longer to read.
                  | [an orb of fire]
101229 | Zot:5    | Gained mutation: Your magical capacity is low. (-10% MP)
                  | [an orb of fire]
101230 | Zot:5    | Gained mutation: You are agile. (Dex +2) [an orb of fire]
101231 | Zot:5    | Gained mutation: You are dopey. (Int -2) [an orb of fire]
101232 | Zot:5    | Gained mutation: You are weak. (Str -2) [an orb of fire]
101234 | Zot:5    | Killed a Killer Klown
101234 | Zot:5    | Gained mutation: You occasionally shout uncontrollably at
                  | your foes. [an orb of fire]
101235 | Zot:5    | Killed an orb of fire
101235 | Zot:5    | Killed an orb of fire
101394 | Zot:5    | Noticed an orb of fire
101565 | Zot:5    | Gained mutation: Your body often deteriorates upon taking
                  | damage. [an orb of fire]
101573 | Zot:5    | Gained mutation: Your magical capacity is very low. (-20%
                  | MP) [an orb of fire]
101574 | Zot:5    | Gained mutation: Your magical capacity is extremely low.
                  | (-30% MP) [an orb of fire]
101577 | Zot:5    | Killed an orb of fire
101590 | Zot:5    | Noticed an ancient lich
101598 | Zot:5    | Killed an ancient lich
101700 | Zot:5    | Reached skill level 23 in Fighting
102102 | Zot:5    | Noticed a Killer Klown
102166 | Zot:5    | Killed a Killer Klown
102504 | Zot:5    | Noticed an orb of fire
102506 | Zot:5    | Gained mutation: Armour fits poorly on your strangely
                  | shaped body. [an orb of fire]
102514 | Zot:5    | Killed an orb of fire
102952 | Zot:5    | Noticed an orb of fire
102959 | Zot:5    | Gained mutation: You are frail. (-10% HP) [an orb of fire]
102964 | Zot:5    | Noticed a Killer Klown
102968 | Zot:5    | Killed an orb of fire
102991 | Zot:5    | Killed a Killer Klown
104157 | Zot:5    | Got the Orb of Zot
104343 | Depths:5 | Noticed Bepnah the pandemonium lord
104357 | Depths:5 | Killed Bepnah the pandemonium lord
104476 | Depths:1 | Lost mutation: You are frail. (-10% HP) [potion of
                  | mutation]
104476 | Depths:1 | Lost mutation: Your body often deteriorates upon taking
                  | damage. [potion of mutation]
104476 | Depths:1 | Gained mutation: You have a somewhat thin skeletal
                  | structure. (Dex +2, Stealth) [potion of mutation]
104477 | Depths:1 | Lost mutation: Your body sometimes deteriorates upon taking
                  | damage. [potion of mutation]
104477 | Depths:1 | Lost mutation: Your magical capacity is extremely low.
                  | (-30% MP) [potion of mutation]
104477 | Depths:1 | Lost mutation: You passively map a small area around you.
                  | [potion of mutation]
104477 | Depths:1 | Lost mutation: Armour fits poorly on your strangely shaped
                  | body. [potion of mutation]
104477 | Depths:1 | Lost mutation: Your spells are a little easier to cast, but
                  | a little less powerful. [potion of mutation]
104478 | Depths:1 | Lost mutation: You are dopey. (Int -2) [potion of mutation]
104478 | Depths:1 | Lost mutation: Your flesh is cold resistant. (rC+) [potion
                  | of mutation]
104478 | Depths:1 | Lost mutation: You are agile. (Dex +2) [potion of mutation]
104478 | Depths:1 | Gained mutation: You passively map a small area around you.
                  | [potion of mutation]
104479 | Depths:1 | Lost mutation: You expend magic power (3 MP) to strengthen
                  | your wands. [potion of mutation]
104479 | Depths:1 | Lost mutation: You occasionally shout uncontrollably at
                  | your foes. [potion of mutation]
104479 | Depths:1 | Gained mutation: You possess an exceptional clarity of
                  | mind. [potion of mutation]
104479 | Depths:1 | Lost mutation: Your magical capacity is very low. (-20% MP)
                  | [potion of mutation]
104632 | D:9      | Noticed Fiece the pandemonium lord
104782 | D:$      | Escaped with the Orb!

Illustrated notes

Levels and vault maps discovered:
D:1:      enne_arrival_octagon_isle, layout_basic
D:2:      layout_basic
D:3:      layout_rooms, fiery_altar_vehumet, nrook_mini_vaults
D:4:      layout_rooms, nzn_hepliaklqana_mist_gate, grunt_temple_overflow_open
D:5:      layout_loops_ring, nicolae_ossuary_entry_false_entrances
D:6:      layout_basic, hangedman_abyss_or_decor_passed,
          minmay_stone_trees_medium, minivault_1, lemuel_angel_altar
D:7:      layout_cave_pools, minmay_temple_entry_purple_smoke
D:8:      minmay_bubble_buster, layout_basic, serial_shops, nicolae_shop_trees,
          kennysheep_mini_moat, nicolae_shop_window_shopping, shop, shop_statue
D:9:      layout_basic, lightli_bailey_entry_fortress, st_stairs_8, uniq_psyche
D:10:     layout_irregular_city, minmay_lair_entry_grove, serial_shops, shop,
          shop, shop, minmay_another_anthill
D:11:     layout_gridville, serial_shops, nicolae_shop_behind_doors,
          uniq_erolcha, uniq_erica
D:12:     layout_irregular_city, david_orc_1_choice, kennysheep_boxes
D:13:     layout_irregular_city, portal_ice_cave_entry_animals_and_master,
          kennysheep_small_spiral, chequers_serial_rivers_room_a, uniq_maurice
D:14:     layout_stronghold, david_vaults_3, serial_bayou_ford_a, serial_shops,
          bzr_entry_water
D:15:     hangedman_depths_entry_try_elsewhere_first, layout_irregular_city,
          basic_altar, nicolae_lava_and_water, nicolae_wwwww
Temple:   nicolae_temple_figure_eight
Lair:1:   layout_gridlike, serial_bayou_pond_e
Lair:2:   layout_long_grid, dummy_spider_entry
Lair:3:   layout_chaotic_city
Lair:4:   layout_roguey, nicolae_swamp_entry_splash_gauntlet, st_stairs_11
Lair:5:   layout_gridlike, slime_altar_1, roderic_carrion_pond
Lair:6:   minmay_lair_end_frog_pond, layout_loops_ring,
          nicolae_lair_grove_arrangements
Swamp:1:  layout_falls_marsh, nicolae_swamp_very_dense_foliage, swamp_pool3,
          nicolae_swamp_necromancer_hut, infiniplex_staircase_pool_2
Swamp:2:  layout_basic_swamp, evilmike_swamp_ruin_rubble_1, swamp_pool2,
          wheals_swamp_sinkhole, hangedman_swamp_diagram, uniq_aizul
Swamp:3:  layout_basic_swamp, infiniplex_staircase_pool, swamp_pool2,
          uniq_nikola
Swamp:4:  swamp_basic_johnstein, layout_basic_swamp, swamp_pool1, uniq_mara
Spider:1: layout_spider_delve, uniq_kirke
Spider:2: layout_spider_delve
Spider:3: layout_spider_delve, spiders_nest_spider_trap,
          hangedman_spider_tarantella_strand
Spider:4: spider_rune_water, drop_trap
Orc:1:    layout_diamond_mine
Orc:2:    st_orc_open, layout_caves, basic_altar
Elf:1:    layout_geoelf_octagon, serial_shops, nicolae_shop_waterfront,
          gammafunk_ghost_berserking_beasts, minmay_elf_necromancy
Elf:2:    layout_geoelf_octagon, serial_shops, nicolae_shop_crystal,
          lemuel_flame_loot_1, uniq_roxanne
Elf:3:    minmay_elf_hall_spiked, layout_geoelf_octagon, serial_shops,
          shop_statue, ebering_dispersal_statue_hall, minivault_14,
          nicolae_elf_m_pinch, nrook_mini_backslash
Vaults:1: advil_vaults_ghost_guards, nicolae_vaults_network_star, v_misc_13,
          v_misc_11, nicolae_vaults_know_your_exits,
          ontoclasm_vaults_claustrophobia, dpeg_vaults_monster_box,
          nicolae_vaults_windows_and_doors_thing, nicolae_vaults_little_ls,
          vaults_room_mumra_shop_pool, layout_vaults_omnibox
Vaults:2: v_alt_pattern_6, v_alt_pattern_6, vaults_mumra_hex, vaults_room_pools,
          vaults_standard_mumra_enter_the_diamond,
          nicolae_vaults_stairing_the_circle, v_misc_9, vaults_dpeg_ring,
          nicolae_vaults_rhombus_7, layout_vaults_omnigrid, serial_shops, shop,
          uniq_bai_suzhen
Vaults:3: gammafunk_vaults_ghost_grave, v_misc_3, v_misc_19,
          hangedman_vaults_nodes, nicolae_vaults_puzzle_piece,
          minmay_crypt_entry_necro_gods, nicolae_vaults_little_squares_4,
          v_misc_26, hangedman_vaults_capsules, v_misc_30,
          vaults_dpeg_encased_lava, nicolae_vaults_little_squares_1, v_misc_17,
          vaults_dpeg_hooks, ontoclasm_vaults_ligature, layout_vaults_ring,
          serial_shops, shop
Vaults:4: nicolae_vaults_yaktaur_gun_rack, grunt_vaults_hallway_long,
          grunt_vaults_trifunnel, nicolae_vaults_quartermaster, v_misc_19,
          grunt_vaults_hallway_short, v_pattern_5, hangedman_vaults_slither,
          hangedman_vaults_hat, ontoclasm_vaults_eye, layout_vaults_omnicross
Vaults:5: uniq_saint_roka, uniq_frederick
Crypt:1:  layout_gridlike, basic_altar, small_statue_intersection,
          minmay_misc_feat_columns
Crypt:2:  layout_catacombs, amcnicky_mini_pool_small, nicolae_crypt_stairs_room,
          uniq_jory, uniq_xtahua, uniq_margery
Crypt:3:  grunt_crypt_end_deaths_head
Depths:1: layout_gridlike, amcnicky_mini_rare_corridor_liquid, abyss_entry,
          hell_entry, minmay_misc_feat_nine_boxes, evilmike_ambush
          [evilmike_ambush_outer_pillars, evilmike_ambush_inner_basic],
          grunt_megastairs_5
Depths:2: nzn_winding_woodlands_huge [nzn_winding_woodlands_5x15_twine,
          nzn_winding_woodlands_5x15_crooked,
          nzn_winding_woodlands_5x15_concentric,
          nzn_winding_woodlands_5x15_river_crossing,
          nzn_winding_woodlands_5x15_zeroes,
          nzn_winding_woodlands_5x15_sawtooth, nzn_winding_woodlands_5x15_eye,
          nzn_winding_woodlands_5x15_lazy_stream,
          nzn_winding_woodlands_5x15_pockets, nzn_winding_woodlands_5x15_garden,
          nzn_winding_woodlands_center_diamonds,
          nzn_winding_woodlands_center_lodge,
          nzn_winding_woodlands_15x15_boxy_spiral], layout_gridlike,
          grunt_pan_entry_sceptre, minmay_misc_feat_secret_circle, hell_entry
Depths:3: cheibrodos_tormentor_scu, layout_cave_pools, serial_glass,
          glass_columns_b, glass_columns_c, glass_columns_a, glass_columns_b,
          serial_bayou_shore_a, pan_entry, hell_entry, minmay_staircase_bubble
Depths:4: minmay_the_grid_octo_tiled_squarecenter
          [minmay_the_grid_octo_fan_narrow, minmay_the_grid_octo_checkered,
          minmay_the_grid_octo_vomiting_pacman, minmay_the_grid_octo_teeth,
          minmay_the_grid_square_5x5_megaprize_checkered,
          minmay_the_grid_square_5x5_n_small, minmay_the_grid_square_5x5_three,
          minmay_the_grid_square_5x5_three_walls, minmay_the_grid_square_5x5_n],
          layout_cave_shapes, pf_hell_entry_tar_river, minmay_misc_feat_cross,
          hangedman_abyss_entry_splay, uniq_mennas
Depths:5: evilmike_zot_entry_argh, layout_gridlike, enter_ziggurat_f,
          rand_demon_pan_entry_5, hell_entry, serial_bayou_shore_b
Zot:1:    layout_onion_interference
Zot:2:    layout_basic
Zot:3:    layout_gridlike, st_stairs_2, grunt_megastairs_4
Zot:4:    layout_basic, st_single_dragon_hoard_3, hangedman_player_shredder
Zot:5:    layout_twisted_circle

Skill      XL: |  1  2  3  4  5  6  7  8  9 10 11 12 13 14 15 16 17 18 19 20 21 22 23 24 25 26 27 |
---------------+----------------------------------------------------------------------------------+-----
Fighting       | 1 2 3 4 6 7 8 10 11 12 14 15 16 18 23 | 23.7
Stealth        | 3 4 |  4.0
Spellcasting   | 3 4 7 8 9 10 11 12 13 14 15 20 | 20.0
Short Blades   | 1 2 4 |  4.0
Ice Magic      | 5 6 7 8 9 10 11 12 14 15 16 18 20 | 20.5
Evocations     | 1 2 4 5 7 8 10 11 | 11.3
Conjurations   | 2 3 4 6 7 |  7.0
Invocations    | 3 5 8 9 10 11 12 13 14 | 14.0
Throwing       | 1 2 |  2.0
Dodging        | 3 4 5 7 9 13 | 13.4
Armour         | 9 10 11 13 14 17 | 17.9
Poison Magic   | 3 4 5 |  5.0
Air Magic      | 2 3 |  3.0
Hexes          | 6 7 8 10 11 | 11.0
Polearms       | 5 6 7 |  7.6
Maces & Flails | 3 9 13 14 16 20 | 20.0
Translocations | 5 |  5.0
Shields        | 6 9 12 15 | 15.0

Action                   |  1- 3 |  4- 6 |  7- 9 | 10-12 | 13-15 | 16-18 | 19-21 | 22-24 | 25-27 || total
-------------------------+-------+-------+-------+-------+-------+-------+-------+-------+-------++-------
Melee: Spear             |     9 |       |       |   111 |   469 |   719 |       |       |       ||  1308
       Short sword       |       |    23 |   189 |       |       |       |       |       |       ||   212
       Eveningstar       |       |       |       |       |       |   382 |   461 |   570 |  1010 ||  2423
       Great mace        |       |       |       |       |       |       |       |       |  1305 ||  1305
Throw: Dart              |       |    65 |    29 |    67 |       |       |       |       |       ||   161
       Stone             |       |    12 |   119 |     5 |       |       |       |       |       ||   136
       Boomerang         |       |       |       |   123 |    88 |   137 |    58 |    43 |    41 ||   490
       Throwing net      |       |       |       |       |       |       |       |       |     5 ||     5
 Cast: Freeze            |    40 |    52 |   105 |   158 |   221 |    87 |       |       |       ||   663
       Frozen Ramparts   |     3 |    13 |    27 |    55 |    77 |   101 |    49 |    10 |     3 ||   338
       Ozocubu's Armour  |       |       |    21 |    55 |    63 |    54 |    35 |    27 |     4 ||   259
       Hailstorm         |       |       |       |    39 |    50 |    74 |     6 |       |       ||   169
       Cause Fear        |       |       |       |       |     6 |       |       |       |     2 ||     8
       Mephitic Cloud    |       |       |       |       |     2 |     1 |       |       |     1 ||     4
       Ozocubu's Refrige |       |       |       |       |       |       |   143 |   214 |   360 ||   717
Invok: Temporal Distorti |       |       |       |     1 |       |       |       |       |       ||     1
       Bend Time         |       |       |       |       |       |     3 |     1 |     1 |     2 ||     7
       Slouch            |       |       |       |       |       |       |       |     5 |    23 ||    28
 Abil: Dig               |       |       |     1 |     1 |     7 |    16 |       |     9 |    18 ||    52
       Shaft Self        |       |       |       |       |     1 |       |       |     2 |       ||     3
Evoke: Wand              |       |       |     4 |     6 |    31 |    53 |     5 |    11 |    20 ||   130
       Phantom mirror    |       |       |       |       |     2 |     1 |       |     1 |     1 ||     5
       Box of beasts     |       |       |       |       |       |       |       |     1 |     1 ||     2
       Tin of tremorston |       |       |       |       |       |       |       |       |     6 ||     6
       Phial of floods   |       |       |       |       |       |       |       |       |     1 ||     1
       Condenser vane    |       |       |       |       |       |       |       |       |     5 ||     5
  Use: Scroll            |       |     6 |    13 |     3 |    13 |    10 |     4 |     9 |    44 ||   102
       Potion            |       |     1 |     5 |     4 |     1 |     8 |       |     1 |    35 ||    55
 Stab: Sleeping          |       |     2 |     1 |       |       |       |       |       |       ||     3
       Distracted        |       |       |       |       |     1 |       |       |     1 |     2 ||     4
       Confused          |       |       |       |       |       |     3 |       |       |       ||     3
       Paralysed         |       |       |       |       |       |       |     2 |       |       ||     2
       Held in net/web   |       |       |       |       |       |       |       |       |     5 ||     5
       Invisible         |       |       |       |       |       |       |       |       |     2 ||     2
Armor: Robe              |     4 |    25 |    96 |    68 |       |       |       |       |       ||   193
       Leather armour    |       |       |       |    14 |       |       |       |       |       ||    14
       Acid dragon scale |       |       |       |     6 |       |       |       |       |       ||     6
       Scale mail        |       |       |       |       |   176 |       |       |       |       ||   176
       Chain mail        |       |       |       |       |    90 |    60 |    65 |       |       ||   215
       Ice dragon scales |       |       |       |       |       |   734 |    32 |       |       ||   766
       Storm dragon scal |       |       |       |       |       |       |    70 |   261 |       ||   331
       Gold dragon scale |       |       |       |       |       |       |       |    41 |  1006 ||  1047
Dodge: Dodged            |    28 |    38 |   180 |   319 |   452 |  1296 |   220 |   299 |   605 ||  3437
Block: Kite shield       |       |       |       |       |       |       |   222 |   231 |       ||   453
       Tower shield      |       |       |       |       |       |       |       |   199 |  2054 ||  2253
